 Dungeon Crawl Stone Soup version 0.26.1-11-gd32895ea62 (webtiles) character file.

Game seed: 1894655923419313152

1654310 kelmiir the Shatterer (level 27, 194/228 HPs)
             Began as a Gnoll Earth Elementalist on Mar 27, 2021.
             Was the Champion of Vehumet.
             Escaped with the Orb
             ... and 3 runes on Apr 21, 2021!
             The game lasted 05:12:51 (83789 turns).

kelmiir the Shatterer (Gnoll Earth Elementalist)   Turns: 83789, Time: 05:12:52

Health: 194/228    AC: 49    Str: 14    XL:     27
Magic:  50/50      EV: 24    Int: 38    God:    Vehumet [******]
Gold:   5252       SH: 12    Dex: 13    Spells: 16/65 levels left

rFire    + + +     SeeInvis .   A - +3 Elemental Staff {rElec rF++ rC++ Will++ AC+5}
rCold    + + +     Faith    .   z - +3 buckler
rNeg     + + .     Spirit   +   (armour currently unavailable)
rPois    ∞         Reflect  .   K - +2 hat {Int+3}
rElec    +         Harm     .   e - +4 dragonskin cloak
rCorr    +         Rampage  .   (gloves currently unavailable)
Will     ++++.                  (boots currently unavailable)
Stlth    +++.......             w - amulet "Esoimecs" {Spirit Will+ Str-2 Int+3}
HPRegen  0.48/turn              O - ring of Eckietti {Will- MP+9 Str+4 Int+4}
MPRegen  0.32/turn              F - ring "Apoablaove" {Wiz rF++}

@: statue-form, studying Maces & Flails, very slow
A: distributed training, claws 1, fangs 1, clumsy 2, deformed body,
deterioration 2, frail 2, low mp 1, inhibited regeneration, strong nose
0: Orb of Zot
}: 3/15 runes: decaying, silver, gossamer
a: End Transformation, Renounce Religion


You escaped.
You worshipped Vehumet.
Vehumet was exalted by your worship.
You were a stone statue.
You visited 11 branches of the dungeon, and saw 51 of its levels.
You also visited: Ice Cave.

You collected 11583 gold pieces.
You spent 6331 gold pieces at shops.

Inventory:

Hand Weapons
 A - the +3 Elemental Staff (weapon) {rElec rF++ rC++ Will++ AC+5}
   (You acquired it on level 1 of the Orcish Mines)

   It affects your AC (+5).
   It greatly protects you from fire.
   It greatly protects you from cold.
   It insulates you from electricity.
   It affects your willpower, your defense against some magical effects.
Armour
 c - a +2 pair of gloves (melded)
 e - the +4 dragonskin cloak (worn)
   (You took it off Tiamat on level 2 of the Realm of Zot)
 z - a +3 buckler (worn)
 I - a +0 pair of boots of running (melded)
 K - a +2 hat of intelligence (worn)
 Q - the +1 robe "Eteroal" (melded) {rN+ Dex+4}
   (You found it on level 4 of the Lair of Beasts)

   It affects your dexterity (+4).
   It protects you from negative energy.
Jewellery
 a - the ring of Recklessness {Fire Str+9}
   (You found it on level 6 of the Lair of Beasts)

   [ring of fire]

   It enhances your fire magic.
   It affects your strength (+9).
   It protects you from fire.
   It makes you vulnerable to cold.
 d - an uncursed ring of willpower
 t - the ring of Tudduoja {rF+ Will+ Str-4 Int+4}
   (You took it off an ironheart preserver on level 5 of the Vaults)

   [ring of protection from fire]

   It affects your strength (-4).
   It affects your intelligence (+4).
   It protects you from fire.
   It affects your willpower, your defense against some magical effects.
 w - the amulet "Esoimecs" (around neck) {Spirit Will+ Str-2 Int+3}
   (You acquired it on level 7 of the Dungeon)

   [amulet of guardian spirit]

   It causes incoming damage to be split between your health and magic.
   It affects your strength (-2).
   It affects your intelligence (+3).
   It affects your willpower, your defense against some magical effects.
 x - the amulet of Agoaw {Acrobat rElec rPois rF++ Int-4}
   (You took it off a deep elf demonologist on level 3 of the Elven Halls)

   [amulet of the acrobat]

   It helps you evade while moving and waiting.
   It affects your intelligence (-4).
   It greatly protects you from fire.
   It insulates you from electricity.
   It protects you from poison.
 B - an uncursed ring of flight
 F - the ring "Apoablaove" (right claw) {Wiz rF++}
   (You acquired it on level 7 of the Dungeon)

   [ring of wizardry]

   It improves your spell success rate.
   It greatly protects you from fire.
 O - the ring of Eckietti (left claw) {Will- MP+9 Str+4 Int+4}
   (You took it off a wizard on level 11 of the Dungeon)

   [ring of magical power]

   It affects your strength (+4).
   It affects your intelligence (+4).
   It affects your willpower, your defense against some magical effects.
   It affects your magic capacity (+9).
 R - a +6 ring of intelligence
 V - an uncursed ring of wizardry
Wands
 k - a wand of digging (18)
 q - a wand of acid (17)
 C - a wand of iceblast (46)
 J - a wand of disintegration (35)
Scrolls
 f - 16 scrolls of magic mapping
 r - 33 scrolls of remove curse
 s - 11 scrolls of amnesia
 v - 15 scrolls of teleportation
 y - 15 scrolls of identify
 G - 6 scrolls of fog
 P - 8 scrolls of blinking
 Y - 9 scrolls of enchant weapon
 Z - a scroll of fear
Potions
 g - 5 potions of might
 h - 7 potions of mutation
 i - 14 potions of brilliance
 j - 28 potions of curing
 l - 11 potions of ambrosia
 m - 4 potions of flight
 n - 5 potions of berserk rage
 o - 9 potions of attraction
 E - a potion of invisibility
 H - a potion of magic
 L - 3 potions of resistance
 N - a potion of heal wounds
 U - a potion of cancellation
 W - 3 potions of haste
Books
 D - a manual of Maces & Flails
Miscellaneous
 b - the horn of Geryon
 u - a phantom mirror
 M - a lightning rod (4/4)
 S - a condenser vane
 T - a box of beasts
 X - a tin of tremorstones (2/2)


   Skills:
 + Level 19.1 Fighting
 + Level 19.1 Short Blades
 + Level 19.1 Long Blades
 + Level 19.1 Axes
 + Level 22.6 Maces & Flails
 + Level 19.1 Polearms
 + Level 19.1 Staves
 + Level 19.1 Slings
 + Level 19.1 Bows
 + Level 19.1 Crossbows
 + Level 19.1 Throwing
 + Level 19.1 Armour
 + Level 19.5 Dodging
 + Level 19.5 Stealth
 + Level 19.1 Shields
 + Level 19.1 Unarmed Combat
 + Level 19.6 Spellcasting
 + Level 16.5 Conjurations
 + Level 16.5 Hexes
 + Level 16.5 Summonings
 + Level 16.5 Necromancy
 + Level 16.5 Translocations
 + Level 16.6 Transmutations
 + Level 16.5 Fire Magic
 + Level 16.5 Ice Magic
 + Level 16.5 Air Magic
 + Level 21.8 Earth Magic
 + Level 16.5 Poison Magic
 + Level 20.5 Invocations
 + Level 19.1 Evocations


You had 16 spell levels left.
You knew the following spells:

 Your Spells              Type           Power        Failure   Level
a - Iron Shot             Conj/Erth      67%          1%          6
b - Borgnjor's Vile Clut  Necr/Erth      67%          0%          5
c - Spellforged Servitor  Conj/Summ      52%          1%          7
d - Lehudib's Crystal Sp  Conj/Erth      67%          1%          8
e - Statue Form           Tmut/Erth      90%          1%          6
f - Ignition              Fire           64%          1%          8
g - Shatter               Erth           70%          1%          9

Your spell library contained the following spells:

 Spells                   Type           Power        Failure   Level
 Absolute Zero            Ice            64%          10%         9
 Animate Skeleton         Necr           100%         0%          1
 Apportation              Tloc           100%         0%          1
 Corona                   Hex            100%         0%          1
 Foxfire                  Conj/Fire      100%         0%          1
 Freeze                   Ice            100%         0%          1
 Magic Dart               Conj           100%         0%          1
 Pain                     Necr           100%         0%          1
 Sandblast                Erth           100%         0%          1
 Shock                    Conj/Air       100%         0%          1
 Sting                    Tmut/Pois      100%         0%          1
 Summon Small Mammal      Summ           100%         0%          1
 Blink                    Tloc           N/A          0%          2
 Call Imp                 Summ           100%         0%          2
 Corpse Rot               Necr/Air       N/A          0%          2
 Ensorcelled Hibernation  Hex/Ice        100%         0%          2
 Passwall                 Tmut/Erth      100%         0%          2
 Poisonous Vapours        Pois/Air       100%         0%          2
 Searing Ray              Conj           100%         0%          2
 Slow                     Hex            100%         0%          2
 Sublimation of Blood     Necr           52%          0%          2
 Swiftness                Air            100%         0%          2
 Call Canine Familiar     Summ           100%         0%          3
 Confusing Touch          Hex            100%         0%          3
 Conjure Flame            Conj/Fire      100%         0%          3
 Dazzling Flash           Conj/Hex       100%         0%          3
 Frozen Ramparts          Ice            100%         0%          3
 Ignite Poison            Fire/Tmut/Pois 100%         0%          3
 Inner Flame              Hex/Fire       100%         0%          3
 Mephitic Cloud           Conj/Pois/Air  100%         0%          3
 Ozocubu's Armour         Ice            100%         0%          3
 Static Discharge         Conj/Air       100%         0%          3
 Stone Arrow              Conj/Erth      100%         0%          3
 Summon Guardian Golem    Hex/Summ       100%         0%          3
 Tukima's Dance           Hex            100%         0%          3
 Vampiric Draining        Necr           52%          0%          3
 Airstrike                Air            64%          0%          4
 Animate Dead             Necr           52%          0%          4
 Cause Fear               Hex            52%          0%          4
 Dispel Undead            Necr           100%         0%          4
 Fulminant Prism          Conj/Hex       52%          0%          4
 Hailstorm                Conj/Ice       100%         0%          4
 Iskenderun's Mystic Bla  Conj/Tloc      100%         0%          4
 Leda's Liquefaction      Hex/Erth       67%          0%          4
 Olgreb's Toxic Radiance  Pois           100%         0%          4
 Petrify                  Tmut/Erth      100%         0%          4
 Sticky Flame             Conj/Fire      100%         0%          4
 Summon Ice Beast         Ice/Summ       100%         0%          4
 Summon Lightning Spire   Summ/Air       100%         0%          4
 Agony                    Necr           100%         0%          5
 Bolt of Magma            Conj/Fire/Erth 79%          0%          5
 Excruciating Wounds      Necr           52%          0%          5
 Fireball                 Conj/Fire      64%          0%          5
 Iskenderun's Battlesphe  Conj           100%         0%          5
 Lee's Rapid Deconstruct  Erth           70%          0%          5
 Lightning Bolt           Conj/Air       64%          0%          5
 Silence                  Hex/Air        64%          0%          5
 Summon Demon             Summ           52%          0%          5
 Summon Forest            Summ/Tloc      52%          0%          5
 Summon Mana Viper        Hex/Summ       100%         0%          5
 Yara's Violent Unravell  Hex/Tmut       52%          0%          5
 Eringya's Noxious Bog    Tmut/Pois      52%          1%          6
 Freezing Cloud           Conj/Ice/Air   76%          1%          6
 Hydra Form               Tmut           52%          1%          6
 Shadow Creatures         Summ           N/A          1%          6
 Starburst                Conj/Fire      64%          1%          6
 Haunt                    Necr/Summ      52%          1%          7
 Orb of Destruction       Conj           52%          1%          7
 Summon Hydra             Summ           52%          1%          7
 Borgnjor's Revivificati  Necr           52%          2%          8
 Discord                  Hex            52%          2%          8
 Infestation              Necr           52%          2%          8
 Necromutation            Tmut/Necr      52%          2%          8
 Death's Door             Necr           52%          32%         9
 Dragon's Call            Summ           52%          32%         9


Dungeon Overview and Level Annotations

Branches:
Dungeon (15/15)            Temple (1/1) D:6            Lair (6/6) D:9
  Swamp (4/4) Lair:3       Spider (4/4) Lair:2        Slime (0/5) Lair:6
    Orc (2/2) D:9             Elf (3/3) Orc:2        Vaults (5/5) D:14
  Crypt (0/3) Vaults:3     Depths (5/5) D:15           Hell (visited)
    Dis (0/7) Hell            Geh (0/7) Hell            Coc (0/7) Hell
    Tar (0/7) Hell            Zot (5/5) Depths:5      IceCv (visited)

Altars:
Ashenzari
Dithmenos
Elyvilon
Fedhas
Kikubaaqudgha
Nemelex Xobeh
Okawaru
Sif Muna
Trog
Uskayaw
Vehumet
Wu Jian
Xom
Yredelemnul
Zin
The Shining One
Jiyva

Shops:
D:4 :   D:6 =(   D:9 }   D:12 [   Orc:1 ?   Orc:2 [}}[**?}[   Elf:1 !
Vaults:1 *   Depths:1 *

Portals:
Hell: Depths:1 Depths:2 Depths:3 Depths:4 Depths:5
Abyss: Depths:2 Depths:4
Pandemonium: Orc:2 Depths:3
Ziggurat: Depths:4

Annotations:
D:14 2 transporters, exclusion: ice statue, Jiolyugh's ghost, journeyman GrEE; Suxa's ghost, journeyman DgWz
Elf:2 1 runed translucent door


Innate Abilities, Weirdness & Mutations

Your experience applies equally to all skills.
You have very sharp teeth.
Your uncanny sense of smell can sniff out nearby items.
You have sharp fingernails.
You are very clumsy. (Dex -4)
Armour fits poorly on your strangely shaped body.
Your body often deteriorates upon taking damage.
You are very frail. (-20% HP)
Your magical capacity is low. (-10% MP)
You do not regenerate when monsters are visible.


Message History

You feel a surge of power!
The crystal spear hits the Orb Guardian!!!!
You kill the Orb Guardian!
Vehumet accepts your kill.
(D) Dungeon (T) Temple (L) Lair (S) Swamp (N) Spider Nest (M) Slime Pits (O) Orcish Mines (E) Elven Halls (V) Vaults (C) Crypt (U) Depths (H) Hell (I) Dis (G) Gehenna (X) Cocytus (Y) Tartarus (Z) Zot
Where to? (Enter - D:1, ? - help)
There is a stone staircase leading up here.
You climb upwards.
There is a stone staircase leading down here.
Aiming: Dig
Press: ? - help, Shift-Dir - straight line You can't see that place. [the floor.]
The rock shatters into small pieces.
There is a staircase leading out of the dungeon here.
You have escaped!

#### ##.......##.#...#.....#.# #
...# ##..##.#...###..##.###.#.# #
...###...#..##...##.......#.#.###
...##..#.#..###...##.##.#.#.#....
####..##....####...#.##.....#####
##..###.##.#........####........
##..## #.##.####...#.# #########
...## #......#....#.# ..##
#.####.#.8.##.# ...##
#......#....#.# ##..##
#..#.####...#.# ###..###.##.#
##..#.# # ##..##..#.# ##..##.# #
##..#.#..###...#..# ##
##...#..##...##.## .#
##..##.#...##..########### .#
##.......##.............#


There were no monsters in sight!

Vanquished Creatures
  Mennas (Depths:4)
  Mara (Vaults:4)
  7 orbs of fire
  3 ancient liches
  Sojobo (Vaults:3)
  A juggernaut (Depths:3)
  3 Killer Klowns
  2 curse toes
  A caustic shrike (Depths:4)
  Saint Roka (Vaults:1)
  The ghost of jlumianski the Warrior, a veteran KoBe of Trog (Vaults:1)
  Geryon (Hell)
  4 golden dragons
  Jory (Vaults:3)
  2 bone dragons (Depths:5)
  A Tzitzimitl (Depths:3)
  4 electric golems
  A Hell Sentinel (Zot:5)
  Rupert (Lair:3)
  13 tentacled monstrosities
  3 liches
  A deep elf blademaster (Elf:3)
  30 Orb Guardians
  3 deep elf master archers (Elf:3)
  5 titans
  6 death cobs
  6 quicksilver dragons
  3 pandemonium lords
  Kirke (Lair:5)
  7 sphinxes
  2 ancient champions (Hell)
  4 shadow dragons
  8 draconian monks
  Murray (Hell)
  14 storm dragons
  10 tengu reavers
  Donald (Vaults:3)
  A thorn hunter (Swamp:4)
  A revenant (Hell)
  A fenstrider witch (Swamp:3)
  4 draconian knights
  3 nagarajas (Depths:4)
  11 deep elf sorcerers
  8 vault wardens
  10 fire giants
  5 ghost moths
  10 frost giants
  11 draconian scorchers
  2 emperor scorpions (Spider:4)
  A draconian shifter (Zot:4)
  2 cacodemons
  4 iron dragons
  9 draconian stormcallers
  4 deep elf elementalists
  A juggernaut zombie (Depths:4)
  A large abomination (Elf:3)
  A ghoul (Vaults:3)
  A caustic shrike zombie (Depths:4)
  9 draconian annihilators
  14 ironheart preservers
  10 reapers
  A spriggan defender (Depths:4)
  5 war gargoyles
  A juggernaut skeleton (Depths:4)
  17 very ugly things
  7 green draconians
  The ghost of teko the Geomancer, a journeyman GrEE of Vehumet (Lair:6)
  21 stone giants
  12 purple draconians
  13 deep elf demonologists
  6 black draconians
  3 vampire knights
  An entropy weaver (Vaults:4)
  2 bunyips
  8 deep elf annihilators
  8 yellow draconians
  8 white draconians
  7 red draconians
  7 spark wasps
  Snorg (Lair:5)
  5 deep elf death magi
  3 eidola (Depths:2)
  A blizzard demon (Depths:2)
  9 ettins
  5 eleionomae
  Fannar (D:11)
  7 fire dragons
  8 deep elf high priests
  17 yaktaur captains
  11 great orbs of eyes
  A kraken zombie (Hell)
  A fire dragon (shapeshifter) (Vaults:5)
  3 naga warriors (Depths:4)
  Harold (D:8)
  2 monstrous demonspawn (D:8)
  A hell beast (Depths:3)
  33 vault guards
  10 ice dragons
  6 boulder beetles
  5 spriggan air magi
  5 rakshasas
  7 centaur warriors
  2 ghost crabs
  A catoblepas (Lair:6)
  22 hydras
  16 ogre magi
  3 death knights
  A juggernaut simulacrum (Depths:4)
  29 dancing weapons
  3 anacondas (Depths:4)
  A satyr (shapeshifter) (Depths:4)
  11 death yaks
  13 deep troll shamans
  3 alligators (Swamp:1)
  58 two-headed ogres
  2 small abominations
  Urug (Lair:5)
  A vampire mage (Depths:3)
  6 orc high priests (Orc:2)
  3 tengu warriors
  8 deep troll earth magi
  4 spriggan berserkers
  16 deep elf knights
  6 soul eaters
  8 sun demons
  2 fire crabs (shapeshifter)
  Sonja (D:12)
  18 skeletal warriors
  20 hell knights
  A spectral minotaur (Depths:3)
  5 iron trolls
  2 nameless horrors (Orc:2)
  4 sixfirhies
  8 shadow wraiths
  3 gelid demonspawn
  8 glowing orange brains
  A sea snake (shapeshifter) (Vaults:5)
  27 deep trolls
  8 flayed ghosts
  A spriggan druid (Swamp:4)
  An unseen horror (D:13)
  7 swamp dragons (Swamp:4)
  2 bog bodies
  2 lindwurms
  A lindwurm (shapeshifter) (Vaults:2)
  2 orange crystal statues (Depths:2)
  9 wizards
  8 phantasmal warriors
  13 orc knights
  18 deep elf archers
  3 harpies (Vaults:3)
  A golden dragon skeleton (Depths:3)
  Pikel (D:4)
  A spectral hydra (Depths:2)
  12 necromancers
  13 ironbrand convokers
  2 mana vipers (Depths:2)
  2 will-o-the-wisps
  2 fire giant zombies
  An orb spider (shapeshifter) (Depths:2)
  58 deep elf magi
  A wolf spider zombie (D:15)
  An oklob plant (Orc:2)
  10 orb spiders
  4 orc sorcerers
  22 wolf spiders
  97 ugly things
  7 manticores
  A fire giant skeleton (Vaults:2)
  A molten gargoyle (Hell)
  Maurice (Orc:2)
  15 moths of wrath
  7 cyclopes
  2 ice statues (IceCv)
  8 black mambas
  A stone giant skeleton (Vaults:2)
  8 rust devils
  16 vault sentinels
  14 elephants
  3 torpor snails (Spider:3)
  A smoke demon (Orc:2)
  A titan simulacrum (Depths:1)
  2 orange demons
  11 cane toads
  3 naga magi (Depths:4)
  4 gargoyles
  4 guardian serpents (Depths:4)
  4 centaur skeletons
  An ice devil (Hell)
  2 yaktaurs (shapeshifter)
  40 yaktaurs
  9 rime drakes
  A kobold demonologist (D:15)
  2 anaconda simulacra (Depths:2)
  4 tengu conjurers
  3 spectral merfolk (Depths:2)
  7 freezing wraiths
  2 tormentors
  7 demonic crawlers
  7 hellwings
  3 red devils
  10 komodo dragons
  A golden dragon simulacrum (Depths:3)
  A queen bee (D:9)
  12 hornets
  A harpy skeleton (D:15)
  A bloated husk (Swamp:2)
  A meliai (shapeshifter) (Vaults:2)
  2 queen bees (shapeshifter) (Vaults:2)
  6 trolls
  14 jumping spiders
  5 polar bears
  A raiju (Depths:2)
  Grinder (D:3)
  4 tyrant leeches
  A blink frog (shapeshifter) (Depths:3)
  10 slime creatures
  19 blink frogs
  A dream sheep (shapeshifter) (D:14)
  A tengu simulacrum (Depths:4)
  3 spriggans
  6 water elementals
  A ynoxinul (D:8)
  52 redbacks
  A centaur simulacrum (D:15)
  3 vampires
  2 air elementals
  13 wraiths
  39 yaks
  3 yaks (shapeshifter)
  3 hogs (Lair:5)
  18 tarantellas
  11 wyverns
  6 fire elementals
  7 basilisks
  2 fire bats (Depths:1)
  A basilisk (shapeshifter) (Vaults:2)
  3 chaos spawn
  A steam dragon (D:13)
  A golden eye (shapeshifter) (Vaults:4)
  A hog (shapeshifter) (Vaults:5)
  4 soldier ants
  3 death yak simulacra (Lair:6)
  6 wargs
  11 swamp worms
  A warg (shapeshifter) (Vaults:2)
  10 nagas (Depths:4)
  A vampire mosquito (D:12)
  A cane toad zombie (Hell)
  A soldier ant (shapeshifter) (Depths:1)
  2 hydra simulacra
  2 acid dragons (Vaults:2)
  22 water moccasins
  Duvessa (D:4)
  5 hell hounds
  5 human skeletons (Vaults:2)
  A sky beast (shapeshifter) (Depths:1)
  7 swamp drakes
  40 orc warriors
  2 spectral trolls (Depths:2)
  A boulder beetle simulacrum (Lair:6)
  A deep troll simulacrum (Depths:1)
  12 ice beasts
  An ice beast (shapeshifter) (Depths:4)
  8 black bears
  An ettin simulacrum (Vaults:2)
  2 hornet zombies
  A phantom (D:10)
  8 sky beasts
  13 boggarts
  2 eyes of draining
  6 necrophages (Lair:4)
  38 ogres
  12 centaurs
  22 wolves
  3 lemures (D:4)
  A big kobold (D:12)
  17 bullfrogs
  Blork the orc (D:5)
  A gnoll sergeant (D:8)
  A wyvern zombie (D:12)
  An earth elemental (Elf:1)
  Dowan (D:4)
  2 cane toad simulacra
  7 scorpions
  2 wyvern skeletons
  17 killer bees (D:9)
  A scorpion (shapeshifter) (Vaults:5)
  3 spectral ogres (Depths:2)
  33 wights
  2 orc simulacra
  4 spectral nagas (Depths:2)
  3 howler monkeys
  A torpor snail simulacrum (Lair:6)
  7 electric eels
  2 spectral centaurs (Depths:2)
  6 crimson imps
  2 bullfrog zombies
  A quasit (D:11)
  A human simulacrum (Vaults:1)
  5 centaur zombies
  5 jellies
  A bullfrog skeleton (D:6)
  26 orc priests
  Crazy Yiuf (D:7)
  8 hounds
  28 orc wizards
  A gnoll shaman (D:6)
  2 iron imps (Hell)
  Ijyb (D:3)
  Natasha (thrice) (D:2)
  6 iguanas
  11 worker ants
  10 hell rats
  A troll simulacrum (Depths:2)
  A killer bee zombie (D:9)
  A hound zombie (D:5)
  A mummy (D:4)
  2 worker ant zombies (D:7)
  6 gnolls
  19 adders
  3 howler monkey skeletons
  6 shadow imps
  3 white imps
  3 ufetubi
  An ooze (shapeshifter) (Vaults:5)
  An ooze (D:3)
  2 adder skeletons
  3 worms (D:2)
  A dart slug (D:1)
  3 leopard geckos
  87 orcs
  3 ball pythons
  8 bats
  6 giant cockroaches
  7 goblins
  7 hobgoblins
  22 jackals
  6 quokkas
  5 frilled lizards
  A goblin zombie (D:4)
  14 kobolds
  An orc zombie (D:4)
  2 quokka skeletons
  8 rats
  2 butterflies (Lair:3)
  8 crawling corpses
  A tentacle (Hell)
2368 creatures vanquished.

Vanquished Creatures (collateral kills)
  Tiamat (Zot:2)
  2 orbs of fire (Zot:5)
  3 caustic shrikes (Depths:4)
  3 golden dragons
  Nikola (Swamp:4)
  A Tzitzimitl (Depths:2)
  An electric golem (Zot:1)
  A tentacled monstrosity (Zot:1)
  2 Orb Guardians (Zot:5)
  A deep elf blademaster (Elf:3)
  A death cob (Zot:1)
  An Executioner (D:3)
  2 storm dragons (Zot:1)
  2 nagarajas (Depths:4)
  3 fenstrider witches
  Roxanne (Swamp:2)
  2 fire giants (Depths:4)
  Aizul (Spider:2)
  2 deep elf sorcerers (Elf:3)
  A deep elf elementalist (Elf:3)
  An emperor scorpion (Spider:4)
  A draconian annihilator (Zot:2)
  5 very ugly things
  A vampire knight (Depths:3)
  4 deep elf annihilators (Elf:3)
  A white draconian (Depths:5)
  An entropy weaver (shapeshifter) (Elf:1)
  An entropy weaver (Spider:2)
  2 spark wasps
  2 red draconians
  4 yellow draconians
  Azrael (Orc:2)
  An ettin (Orc:2)
  3 eleionomae
  4 fire dragons
  3 yaktaur captains
  A deep elf high priest (Elf:3)
  3 hydras
  4 ice dragons
  2 boulder beetles
  A catoblepas (D:14)
  4 two-headed ogres
  3 alligators
  A deep troll shaman (Depths:4)
  An anaconda (Depths:4)
  An ogre mage (Depths:1)
  A deep troll earth mage (Depths:2)
  A spriggan berserker (Depths:5)
  An orc high priest (Orc:2)
  6 dancing weapons (Elf:2)
  2 soul eaters
  2 deep elf knights
  3 spriggans
  An iron troll (Depths:4)
  A goliath frog (Swamp:1)
  6 deep trolls
  12 hell knights
  2 phantasmal warriors (Depths:2)
  2 swamp dragons
  A lindwurm (Depths:4)
  7 wolf spiders
  2 bog bodies (Swamp:2)
  An orc sorcerer (Orc:2)
  2 ugly things (D:14)
  9 deep elf magi
  5 orb spiders
  A mana viper (Depths:2)
  2 will-o-the-wisps
  2 moths of wrath
  A salamander (Depths:4)
  A cyclops (D:14)
  A manticore (D:14)
  A guardian serpent (shapeshifter) (Depths:3)
  2 torpor snails (Spider:1)
  An ice statue (Hell)
  A gargoyle (D:14)
  3 yaktaurs
  2 nameless horrors
  3 demonic crawlers
  An anaconda simulacrum (Hell)
  2 hellwings
  3 red devils
  A troll (D:14)
  A hydra zombie (Hell)
  18 jumping spiders
  4 hornets
  4 tyrant leeches
  2 raiju (Depths:2)
  A slime creature (shapeshifter) (Depths:4)
  3 slime creatures (Depths:1)
  2 alligator zombies (Hell)
  17 redbacks
  4 tarantellas
  2 wraiths (Depths:2)
  A shadow (D:15)
  A water elemental (Depths:2)
  A yak (D:14)
  7 fire elementals
  A warg (shapeshifter) (Depths:2)
  4 swamp worms (Swamp:1)
  A floating eye (Depths:2)
  3 hell hounds
  A spectral spriggan (Depths:2)
  4 wargs
  6 orc warriors
  An alligator simulacrum (Hell)
  An ettin simulacrum (Depths:1)
  A wolf (Depths:2)
  A bullfrog (D:14)
  An earth elemental (Elf:1)
  2 spectral ogres (Depths:2)
  A wight (D:14)
  An electric eel (Spider:2)
  2 crimson imps (Depths:1)
  2 orc priests (Orc:2)
  A worker ant (D:14)
  4 orcs
  A tentacle (Hell)
290 creatures vanquished.

Vanquished Creatures (others)
  A shadow dragon (Vaults:5)
  A vampire knight (Depths:1)
  An eleionoma (Swamp:4)
  A swamp dragon (Swamp:4)
  3 deep elf magi (Elf:1)
  A wolf spider (Spider:1)
  A swamp worm (Swamp:4)
  13 foxfires
  73 fungi
  94 plants
  4 tentacles (Hell)
193 creatures vanquished.

Grand Total: 2851 creatures vanquished

Notes
Turn   | Place    | Note
-------+----------+-------------------------------------------
     0 | D:1      | kelmiir the Gnoll Earth Elementalist began the quest for
                  | the Orb.
     0 | D:1      | Reached XP level 1. HP: 13/13 MP: 6/6
   170 | D:1      | Reached XP level 2. HP: 19/19 MP: 3/7
   258 | D:1      | You fall into a shaft and drop 1 floor!
   305 | D:2      | Found a faded altar of an unknown god.
   706 | D:2      | Reached XP level 3. HP: 25/25 MP: 6/9
   768 | D:2      | Reached skill level 5 in Spellcasting
  1018 | D:2      | Reached skill level 1 in Invocations
  1251 | D:2      | Noticed Natasha
  1257 | D:2      | Killed Natasha
  1258 | D:2      | Reached skill level 1 in Fighting
  1258 | D:2      | Reached skill level 1 in Short Blades
  1258 | D:2      | Reached skill level 1 in Long Blades
  1258 | D:2      | Reached skill level 1 in Axes
  1258 | D:2      | Reached skill level 1 in Maces & Flails
  1258 | D:2      | Reached skill level 1 in Polearms
  1258 | D:2      | Reached skill level 1 in Staves
  1258 | D:2      | Reached skill level 1 in Slings
  1258 | D:2      | Reached skill level 1 in Bows
  1258 | D:2      | Reached skill level 1 in Crossbows
  1258 | D:2      | Reached skill level 1 in Throwing
  1258 | D:2      | Reached skill level 1 in Armour
  1258 | D:2      | Reached skill level 1 in Shields
  1258 | D:2      | Reached skill level 1 in Unarmed Combat
  1258 | D:2      | Reached skill level 1 in Evocations
  1258 | D:2      | Reached XP level 4. HP: 25/32 MP: 7/11
  1331 | D:2      | Noticed Natasha
  1715 | D:2      | Killed Natasha
  1716 | D:2      | Reached skill level 1 in Conjurations
  1716 | D:2      | Reached skill level 1 in Hexes
  1716 | D:2      | Reached skill level 1 in Summonings
  1716 | D:2      | Reached skill level 1 in Necromancy
  1716 | D:2      | Reached skill level 1 in Translocations
  1716 | D:2      | Reached skill level 1 in Fire Magic
  1716 | D:2      | Reached skill level 1 in Ice Magic
  1716 | D:2      | Reached skill level 1 in Air Magic
  1716 | D:2      | Reached skill level 1 in Poison Magic
  1737 | D:2      | Noticed Natasha
  1741 | D:2      | Killed Natasha
  1742 | D:2      | Reached XP level 5. HP: 37/37 MP: 10/12
  3052 | D:3      | Noticed Grinder
  3064 | D:3      | Killed Grinder
  3065 | D:3      | Reached skill level 2 in Maces & Flails
  3065 | D:3      | Reached skill level 5 in Dodging
  3065 | D:3      | Reached XP level 6. HP: 35/44 MP: 5/14
  3161 | D:3      | Noticed Ijyb
  3166 | D:3      | Killed Ijyb
  3256 | D:3      | Found a blossoming altar of Fedhas.
  3289 | D:3      | Reached XP level 7. HP: 50/50 MP: 8/15
  3804 | D:4      | Found Vifitol's Book Boutique.
  4176 | D:4      | Reached skill level 5 in Stealth
  4229 | D:4      | Noticed Pikel
  4254 | D:4      | Killed Pikel
  4255 | D:4      | Reached skill level 3 in Maces & Flails
  4255 | D:4      | Reached XP level 8. HP: 24/58 MP: 1/17
  5170 | D:4      | Noticed Duvessa
  5170 | D:4      | Noticed Dowan
  5190 | D:4      | Killed Duvessa
  5197 | D:4      | Killed Dowan
  5434 | D:5      | Entered Level 5 of the Dungeon
  5435 | D:5      | Noticed Blork the orc
  5443 | D:5      | Killed Blork the orc
  5519 | D:5      | Reached XP level 9. HP: 42/65 MP: 15/18
  6182 | D:6      | Reached skill level 4 in Maces & Flails
  6314 | D:6      | Found a shimmering altar of Xom.
  6529 | D:6      | Found a staircase to the Ecumenical Temple.
  6710 | D:6      | Found Hotzudyo's Jewellery Shoppe.
  6821 | D:6      | Bought an uncursed amulet of regeneration for 360 gold
                  | pieces
  7128 | D:6      | Found Viuduv's Weapon Shop.
  7573 | D:7      | Reached skill level 5 in Invocations
  7779 | D:7      | Got a faintly humming chain mail
  7780 | D:7      | Identified the cursed +0 chain mail of Curoitee {rC- Str+4
                  | Int+4 Dex+4 SInv} (You found it on level 7 of the Dungeon)
  8012 | D:7      | Reached XP level 10. HP: 66/72 MP: 20/20
  8132 | D:7      | Found a runed translucent door.
  8133 | D:7      | Noticed Crazy Yiuf
  8233 | D:7      | Killed Crazy Yiuf
  8238 | D:7      | Identified 3 scrolls of acquirement
  8238 | D:7      | Acquired the amulet "Esoimecs" {Spirit Will+ Str-2 Int+3}
  8252 | D:7      | Acquired 394 gold pieces
  8256 | D:7      | Acquired the ring "Apoablaove" {Wiz rF++}
  8577 | D:8      | Noticed a gargoyle
  8599 | D:8      | Reached skill level 5 in Fighting
  8599 | D:8      | Reached skill level 5 in Short Blades
  8599 | D:8      | Reached skill level 5 in Long Blades
  8599 | D:8      | Reached skill level 5 in Axes
  8599 | D:8      | Reached skill level 5 in Maces & Flails
  8599 | D:8      | Reached skill level 5 in Polearms
  8599 | D:8      | Reached skill level 5 in Staves
  8599 | D:8      | Reached skill level 5 in Slings
  8599 | D:8      | Reached skill level 5 in Bows
  8599 | D:8      | Reached skill level 5 in Crossbows
  8599 | D:8      | Reached skill level 5 in Throwing
  8599 | D:8      | Reached skill level 5 in Armour
  8599 | D:8      | Reached skill level 5 in Shields
  8599 | D:8      | Reached skill level 5 in Unarmed Combat
  8599 | D:8      | Reached skill level 5 in Evocations
  8599 | D:8      | HP: 2/70 [wight/+5 halberd of freezing (4)]
  9195 | D:8      | Noticed Harold
  9209 | D:8      | Killed Harold
  9589 | D:8      | Killed a gargoyle
  9590 | D:8      | Reached skill level 5 in Transmutations
  9944 | D:8      | Noticed a boulder beetle
 10077 | D:8      | Acquired 787 gold pieces
 10199 | D:4      | Bought a book of Dreams for 1050 gold pieces
 10284 | Temple   | Entered the Ecumenical Temple
 10309 | Temple   | Became a worshipper of Vehumet
 10436 | D:8      | Learned a level 5 spell: Borgnjor's Vile Clutch
 10483 | D:8      | HP: 3/112 [boulder beetle (20)]
 11034 | D:7      | HP: 2/75 [boulder beetle (14)]
 11667 | D:8      | Reached XP level 11. HP: 29/81 MP: 2/22
 12061 | D:8      | Reached * piety under Vehumet
 12061 | D:8      | Offered knowledge of Shock by Vehumet.
 12374 | D:8      | Reached skill level 6 in Maces & Flails
 12655 | D:9      | Found a white marble altar of Elyvilon.
 12691 | D:8      | Reached skill level 5 in Conjurations
 12691 | D:8      | Reached skill level 5 in Hexes
 12691 | D:8      | Reached skill level 5 in Summonings
 12691 | D:8      | Reached skill level 5 in Necromancy
 12691 | D:8      | Reached skill level 5 in Translocations
 12691 | D:8      | Reached skill level 5 in Fire Magic
 12691 | D:8      | Reached skill level 5 in Ice Magic
 12691 | D:8      | Reached skill level 5 in Air Magic
 12691 | D:8      | Reached skill level 5 in Poison Magic
 12725 | D:9      | Found Uwuuq's Gadget Shop.
 13331 | D:9      | Noticed a red ugly thing
 13343 | D:9      | Killed a red ugly thing
 13439 | D:9      | Found a staircase to the Lair.
 13439 | D:9      | Noticed a two-headed ogre
 13441 | D:9      | Killed a two-headed ogre
 13493 | D:9      | Reached ** piety under Vehumet
 13548 | D:9      | Offered knowledge of Foxfire by Vehumet.
 14038 | D:9      | Found a staircase to the Orcish Mines.
 14187 | D:10     | Entered Level 10 of the Dungeon
 14297 | D:10     | Noticed a two-headed ogre
 14298 | D:10     | Offered knowledge of Inner Flame by Vehumet.
 14308 | D:10     | Killed a two-headed ogre
 14380 | D:10     | Reached *** piety under Vehumet
 15361 | D:11     | Noticed a cyclops
 15368 | D:11     | Killed a cyclops
 15446 | D:11     | Identified the cursed +0 scimitar of the Known World
                  | {vorpal, +Rage}
 15474 | D:11     | Reached XP level 12. HP: 72/89 MP: 17/24
 15519 | D:11     | Offered knowledge of Sticky Flame by Vehumet.
 15933 | D:11     | Identified the ring of Eckietti {Will- MP+9 Str+4 Int+4}
 15933 | D:11     | Noticed Fannar
 15944 | D:11     | Reached skill level 7 in Maces & Flails
 15951 | D:11     | Killed Fannar
 16454 | D:11     | Reached **** piety under Vehumet
 17311 | D:11     | Learned a level 3 spell: Stone Arrow
 17401 | D:12     | Offered knowledge of Yara's Violent Unravelling by Vehumet.
 17458 | D:12     | Noticed Sonja
 17465 | D:12     | Killed Sonja
 17912 | D:12     | Noticed a centaur warrior
 17924 | D:12     | Killed a centaur warrior
 18064 | D:12     | Found Giuprig's Antique Armour Shop.
 18153 | D:12     | Bought an ichor-stained ring mail for 288 gold pieces
 18167 | D:12     | Identified the +1 ring mail of Xam Sito {rC+} (You bought
                  | it in a shop on level 12 of the Dungeon)
 18613 | D:12     | Noticed a boulder beetle
 18645 | D:12     | Killed a boulder beetle
 18821 | D:12     | Reached XP level 13. HP: 98/98 MP: 26/26
 19246 | D:13     | Reached ***** piety under Vehumet
 19246 | D:13     | Offered knowledge of Olgreb's Toxic Radiance by Vehumet.
 19330 | D:13     | Reached skill level 8 in Maces & Flails
 21120 | Lair:1   | Entered Level 1 of the Lair of Beasts
 21155 | Lair:1   | Reached skill level 10 in Earth Magic
 22090 | Lair:2   | Found a frozen archway.
 22096 | IceCv    | Entered an ice cave
 22113 | IceCv    | Found a transporter.
 22136 | IceCv    | Found a transporter.
 22157 | IceCv    | Identified the Reference Book on Ghastly Stones
 22322 | Lair:2   | Reached skill level 10 in Spellcasting
 22881 | Lair:2   | Found a hole to the Spider Nest.
 23961 | Lair:3   | Noticed Rupert
 23967 | Lair:3   | Killed Rupert
 23968 | Lair:3   | Reached skill level 10 in Dodging
 23968 | Lair:3   | Reached XP level 14. HP: 106/106 MP: 26/28
 24416 | Lair:3   | Found a staircase to the Swamp.
 25019 | Lair:4   | Reached skill level 9 in Maces & Flails
 25473 | Lair:4   | Reached skill level 10 in Stealth
 25797 | Lair:4   | Reached skill level 10 in Invocations
 25959 | Lair:4   | Got a shadowed robe
 25963 | Lair:4   | Identified the +1 robe "Eteroal" {rN+ Dex+4} (You found it
                  | on level 4 of the Lair of Beasts)
 26673 | Lair:5   | Noticed Kirke
 26701 | Lair:5   | Noticed a sphinx
 27319 | Lair:5   | Noticed Urug
 27325 | Lair:5   | Killed Urug
 28688 | Lair:5   | Killed Kirke
 29020 | Lair:5   | Offered knowledge of Airstrike by Vehumet.
 29511 | Lair:5   | Noticed Snorg
 29543 | Lair:5   | Killed Snorg
 29544 | Lair:5   | Reached XP level 15. HP: 115/115 MP: 20/29
 30177 | Lair:6   | Entered Level 6 of the Lair of Beasts
 31636 | Lair:6   | Reached skill level 10 in Fighting
 31636 | Lair:6   | Reached skill level 10 in Short Blades
 31636 | Lair:6   | Reached skill level 10 in Long Blades
 31636 | Lair:6   | Reached skill level 10 in Axes
 31636 | Lair:6   | Reached skill level 10 in Maces & Flails
 31636 | Lair:6   | Reached skill level 10 in Polearms
 31636 | Lair:6   | Reached skill level 10 in Staves
 31636 | Lair:6   | Reached skill level 10 in Slings
 31636 | Lair:6   | Reached skill level 10 in Bows
 31636 | Lair:6   | Reached skill level 10 in Crossbows
 31636 | Lair:6   | Reached skill level 10 in Throwing
 31636 | Lair:6   | Reached skill level 10 in Armour
 31636 | Lair:6   | Reached skill level 10 in Shields
 31636 | Lair:6   | Reached skill level 10 in Unarmed Combat
 31636 | Lair:6   | Reached skill level 10 in Evocations
 32502 | Lair:6   | Found a staircase to the Slime Pits.
 32502 | Lair:6   | Found a viscous altar of Jiyva.
 32586 | Lair:6   | Found a runed translucent gate.
 32587 | Lair:6   | Found a runed translucent gate.
 32593 | Lair:6   | Found a runed translucent gate.
 32771 | Lair:6   | Noticed teko's ghost (journeyman GrEE)
 33265 | Lair:6   | Offered knowledge of Starburst by Vehumet.
 33305 | Lair:6   | Killed teko's ghost
 33555 | Lair:6   | Got the ring of Recklessness {Fire}
 33571 | Lair:6   | Identified the ring of Recklessness {Fire Str+9} (You found
                  | it on level 6 of the Lair of Beasts)
 33580 | Lair:6   | Learned a level 7 spell: Spellforged Servitor
 33794 | Orc:1    | Entered Level 1 of the Orcish Mines
 33794 | Orc:1    | Found Lar Guur's Magic Scroll Emporium.
 33798 | Orc:1    | Bought a scroll of acquirement for 780 gold pieces
 33798 | Orc:1    | Bought a scroll of enchant weapon for 112 gold pieces
 33799 | Orc:1    | Acquired the +3 Elemental Staff {rElec rF++ rC++ Will++
                  | AC+5}
 33800 | Orc:1    | Found the +3 Elemental Staff {rElec rF++ rC++ Will++ AC+5}
 34116 | Orc:2    | Entered Level 2 of the Orcish Mines
 34299 | Orc:2    | Found Moonemec's Gadget Shoppe.
 34325 | Orc:2    | Bought a condenser vane for 400 gold pieces
 34325 | Orc:2    | Bought a box of beasts for 400 gold pieces
 34351 | Orc:2    | Found a staircase to the Elven Halls.
 34407 | Orc:2    | Found Zasum's General Store.
 34479 | Orc:2    | Bought a potion of cancellation for 112 gold pieces
 34613 | Orc:2    | Found Gikkipt's Gadget Emporium.
 34618 | Orc:2    | Found Zihoklan's Antique Armour Emporium.
 34632 | Orc:2    | Bought a scorched ring mail for 234 gold pieces
 34697 | Orc:2    | Identified the cursed +1 ring mail "Urhycobb" {Dex+4 SInv}
                  | (You bought it in a shop on level 2 of the Orcish Mines)
 34699 | Orc:2    | Found Jiratus's Magic Scroll Boutique.
 34707 | Orc:2    | Found Xybiunni's General Store.
 34707 | Orc:2    | Noticed Maurice
 34722 | Orc:2    | Killed Maurice
 34732 | Orc:2    | Noticed Azrael
 34743 | Orc:2    | Killed Azrael
 35637 | Orc:2    | Offered knowledge of Fireball by Vehumet.
 35707 | Orc:2    | Reached XP level 16. HP: 105/123 MP: 9/31
 36203 | Orc:2    | Found Geus's Antique Armour Shoppe.
 36203 | Orc:2    | Found Veupod Luung's Gadget Emporium.
 36204 | Orc:2    | Found a one-way gate leading to the halls of Pandemonium.
 36246 | Orc:2    | Bought a scroll of blinking for 105 gold pieces
 36246 | Orc:2    | Bought a scroll of blinking for 105 gold pieces
 36336 | Orc:2    | Found Jewav's Armour Emporium.
 38449 | D:14     | Found a transporter.
 38460 | D:14     | Found a gate to the Vaults.
 38507 | D:14     | Found a transporter.
 38509 | D:14     | Noticed Suxa's ghost (journeyman DgWz)
 38657 | D:14     | Found a shadowy altar of Dithmenos.
 38778 | D:14     | Noticed Jiolyugh's ghost (journeyman GrEE)
 38977 | D:15     | Entered Level 15 of the Dungeon
 39284 | D:15     | Found a staircase to the Depths.
 39489 | D:15     | Reached skill level 11 in Maces & Flails
 39502 | D:15     | Offered knowledge of Ozocubu's Refrigeration by Vehumet.
 39933 | Depths:1 | Entered Level 1 of the Depths
 40145 | Depths:1 | Found a gateway to Hell.
 40885 | Depths:1 | Reached XP level 17. HP: 120/131 MP: 33/33
 41750 | D:15     | Learned a level 6 spell: Iron Shot
 41988 | Swamp:1  | Entered Level 1 of the Swamp
 42806 | Swamp:1  | Reached skill level 10 in Transmutations
 43069 | Swamp:2  | Offered knowledge of Irradiate by Vehumet.
 43286 | Swamp:2  | Noticed Roxanne
 43532 | Swamp:2  | Killed Roxanne
 43544 | Swamp:2  | Learned a level 6 spell: Statue Form
 44839 | Swamp:3  | Acquired 800 gold pieces
 44851 | Swamp:4  | Entered Level 4 of the Swamp
 44993 | Swamp:4  | Noticed Nikola
 45006 | Swamp:4  | Killed Nikola
 45007 | Swamp:4  | Reached skill level 10 in Conjurations
 45007 | Swamp:4  | Reached skill level 10 in Hexes
 45007 | Swamp:4  | Reached skill level 10 in Summonings
 45007 | Swamp:4  | Reached skill level 10 in Necromancy
 45007 | Swamp:4  | Reached skill level 10 in Translocations
 45007 | Swamp:4  | Reached skill level 10 in Fire Magic
 45007 | Swamp:4  | Reached skill level 10 in Ice Magic
 45007 | Swamp:4  | Reached skill level 10 in Air Magic
 45007 | Swamp:4  | Reached skill level 10 in Poison Magic
 45173 | Swamp:4  | Offered knowledge of Chain Lightning by Vehumet.
 45180 | Swamp:4  | Reached XP level 18. HP: 44/140 MP: 8/34
 45866 | Swamp:4  | Got a decaying rune of Zot
 46150 | Spider:1 | Entered Level 1 of the Spider Nest
 46521 | Spider:1 | Reached skill level 12 in Maces & Flails
 47076 | Spider:2 | Noticed Aizul
 47082 | Spider:2 | Killed Aizul
 47934 | Spider:2 | Reached ****** piety under Vehumet
 49696 | Spider:4 | Entered Level 4 of the Spider Nest
 50774 | Spider:4 | Reached XP level 19. HP: 68/147 MP: 1/36
 51067 | Spider:4 | Got a gossamer rune of Zot
 51749 | Depths:1 | Found Tuiqeell's Changing Room.
 52496 | Depths:1 | Found the +8 demon blade "Leech" {vamp, *Rage +Rage rN+}
 52773 | Depths:2 | Offered knowledge of Lehudib's Crystal Spear by Vehumet.
 52773 | Depths:2 | Offered knowledge of Ignition by Vehumet.
 52773 | Depths:2 | Offered knowledge of Absolute Zero by Vehumet.
 52798 | Depths:2 | Learned a level 8 spell: Lehudib's Crystal Spear
 52807 | Depths:2 | Learned a level 8 spell: Ignition
 52993 | Depths:2 | Reached skill level 15 in Earth Magic
 53198 | Depths:2 | Noticed a Tzitzimitl
 53207 | Depths:2 | Killed a Tzitzimitl
 53369 | Depths:2 | Reached skill level 13 in Maces & Flails
 53779 | Depths:2 | Reached XP level 20. HP: 156/156 MP: 37/37
 54012 | Depths:2 | Paralysed by a floating eye for 4 turns
 54025 | Depths:2 | Found a one-way gate to the infinite horrors of the Abyss.
 54048 | Depths:2 | Identified the +8 scimitar of Caen {drain, rN+} (You found
                  | it on level 2 of the Depths)
 54536 | Depths:2 | Reached XP level 21. HP: 8/32 MP: 39/39
 55136 | Elf:1    | Entered Level 1 of the Elven Halls
 55923 | Elf:1    | Identified the +2 demon blade of Rel Inak {pain, Str+2}
 56836 | Elf:1    | Found Pynic's Distillery.
 56844 | Elf:1    | Bought a potion of resistance for 110 gold pieces
 56844 | Elf:1    | Bought a potion of flight for 33 gold pieces
 56844 | Elf:1    | Bought 2 potions of brilliance for 88 gold pieces
 56844 | Elf:1    | Bought 2 potions of ambrosia for 176 gold pieces
 56844 | Elf:1    | Bought a potion of curing for 33 gold pieces
 56844 | Elf:1    | Bought a potion of curing for 33 gold pieces
 56844 | Elf:1    | Bought a potion of curing for 33 gold pieces
 56844 | Elf:1    | Bought a potion of curing for 33 gold pieces
 56844 | Elf:1    | Bought a potion of flight for 33 gold pieces
 56844 | Elf:1    | Bought a potion of curing for 33 gold pieces
 57552 | Elf:2    | Found a runed translucent door.
 57617 | Elf:2    | Found a runed translucent door.
 58264 | Elf:2    | Gained mutation: You have a pair of small horns on your
                  | head. [a neqoxec]
 58830 | Elf:3    | Entered Level 3 of the Elven Halls
 58981 | Elf:3    | Reached XP level 22. HP: 85/171 MP: 5/40
 59045 | Elf:3    | Reached skill level 15 in Invocations
 60047 | Elf:3    | Identified the amulet of Agoaw {Acrobat rElec rPois rF++
                  | Int-4}
 60049 | Elf:3    | Reached skill level 14 in Maces & Flails
 60072 | Elf:3    | Gained mutation: Your body sometimes deteriorates upon
                  | taking damage. [a neqoxec]
 60936 | Elf:3    | Identified the Handbook of Earthen Slavery
 61220 | Elf:3    | Acquired a +1 hat of intelligence
 61936 | Depths:3 | Reached skill level 15 in Spellcasting
 62255 | Depths:3 | Reached skill level 15 in Dodging
 62390 | Depths:3 | Noticed a juggernaut
 62405 | Depths:3 | Killed a juggernaut
 62406 | Depths:3 | Reached XP level 23. HP: 167/179 MP: 42/42
 62411 | Depths:3 | Reached skill level 15 in Stealth
 63204 | Depths:4 | Noticed Mennas
 63248 | Depths:4 | Killed Mennas
 63249 | Depths:4 | Reached skill level 15 in Maces & Flails
 63509 | Depths:4 | Reached XP level 24. HP: 187/187 MP: 42/42
 63833 | Depths:4 | Found a gateway to a ziggurat.
 64298 | Depths:4 | Reached skill level 15 in Fighting
 64298 | Depths:4 | Reached skill level 15 in Short Blades
 64298 | Depths:4 | Reached skill level 15 in Long Blades
 64298 | Depths:4 | Reached skill level 15 in Axes
 64298 | Depths:4 | Reached skill level 15 in Polearms
 64298 | Depths:4 | Reached skill level 15 in Staves
 64298 | Depths:4 | Reached skill level 15 in Slings
 64298 | Depths:4 | Reached skill level 15 in Bows
 64298 | Depths:4 | Reached skill level 15 in Crossbows
 64298 | Depths:4 | Reached skill level 15 in Throwing
 64298 | Depths:4 | Reached skill level 15 in Armour
 64298 | Depths:4 | Reached skill level 15 in Shields
 64298 | Depths:4 | Reached skill level 15 in Unarmed Combat
 64298 | Depths:4 | Reached skill level 15 in Evocations
 64325 | Depths:4 | Noticed a caustic shrike
 64336 | Depths:4 | Killed a caustic shrike
 64338 | Depths:4 | Reached skill level 16 in Maces & Flails
 64393 | Depths:4 | Noticed a caustic shrike
 64398 | Depths:4 | Killed a caustic shrike
 64399 | Depths:4 | Reached XP level 25. HP: 142/195 MP: 42/42
 65203 | Depths:5 | Entered Level 5 of the Depths
 65533 | Orc:2    | Bought a Necronomicon for 1545 gold pieces
 65533 | Orc:2    | Bought a scroll of blinking for 105 gold pieces
 65533 | Orc:2    | Bought a scroll of magic mapping for 49 gold pieces
 65533 | Orc:2    | Bought a potion of flight for 42 gold pieces
 65545 | Orc:2    | Learned a level 8 spell: Infestation
 65903 | Depths:5 | Learned a level 6 spell: Iron Shot
 66055 | Depths:5 | Identified the +9 rapier of Vianoq {vorpal, rElec rF+} (You
                  | found it on level 5 of the Depths)
 66935 | Depths:5 | Found a gate to the Realm of Zot.
 67306 | Vaults:1 | Entered Level 1 of the Vaults
 67509 | Vaults:1 | Reached skill level 17 in Maces & Flails
 67527 | Vaults:1 | Noticed Saint Roka
 67534 | Vaults:1 | Killed Saint Roka
 68111 | Vaults:1 | Reached XP level 26. HP: 204/204 MP: 39/43
 68146 | Vaults:1 | Found Bahinut's General Store.
 68202 | Vaults:1 | Bought a potion of curing for 39 gold pieces
 68291 | Vaults:1 | Found a runed translucent door.
 68291 | Vaults:1 | Noticed jlumianski's ghost (veteran KoBe)
 68308 | Vaults:1 | Killed jlumianski's ghost
 68757 | Vaults:1 | You fall into a shaft and drop 1 floor!
 69182 | Vaults:2 | Identified the cursed +0 pair of boots "Retid" {Rampage
                  | rF++ Str-2} (You found it on level 2 of the Vaults)
 69891 | Vaults:2 | Reached skill level 18 in Maces & Flails
 70378 | Vaults:3 | Noticed Sojobo
 70386 | Vaults:3 | Killed Sojobo
 70405 | Vaults:3 | Noticed Donald
 70408 | Vaults:3 | Killed Donald
 70580 | Vaults:3 | Noticed Jory
 70593 | Vaults:3 | Killed Jory
 71201 | Vaults:3 | Reached XP level 27. HP: 212/212 MP: 44/44
 71298 | Vaults:3 | Learned a level 9 spell: Shatter
 71420 | Vaults:3 | Found a staircase to the Crypt.
 71420 | Vaults:3 | Found an ancient bone altar of Kikubaaqudgha.
 71421 | Vaults:3 | Found a basalt altar of Yredelemnul.
 72035 | Vaults:4 | Noticed Mara
 72048 | Vaults:4 | Noticed kelmiir's illusion
 72049 | Vaults:4 | Killed Mara
 73523 | Vaults:5 | Entered Level 5 of the Vaults
 73527 | Vaults:5 | Reached skill level 19 in Maces & Flails
 73581 | Vaults:5 | Reached skill level 15 in Transmutations
 74471 | Vaults:5 | Identified the cursed +0 morningstar "Killer Bee's Bane"
                  | {elec, rF+} (You found it on level 5 of the Vaults)
 74632 | Vaults:5 | Identified the ring of Tudduoja {rF+ Will+ Str-4 Int+4}
 74809 | Vaults:5 | Got a silver rune of Zot
 75344 | Vaults:5 | Upgraded the game from 0.26.1-2-gb8aa6d0cf2 to
                  | 0.26.1-11-gd32895ea62
 75684 | Hell     | Entered the Vestibule of Hell
 75684 | Hell     | Noticed Geryon
 75706 | Hell     | Killed Geryon
 75721 | Hell     | Reached skill level 15 in Conjurations
 75721 | Hell     | Reached skill level 15 in Hexes
 75721 | Hell     | Reached skill level 15 in Summonings
 75721 | Hell     | Reached skill level 15 in Necromancy
 75721 | Hell     | Reached skill level 15 in Translocations
 75721 | Hell     | Reached skill level 15 in Fire Magic
 75721 | Hell     | Reached skill level 15 in Ice Magic
 75721 | Hell     | Reached skill level 15 in Air Magic
 75721 | Hell     | Reached skill level 15 in Poison Magic
 76408 | Hell     | Reached skill level 20 in Maces & Flails
 76414 | Hell     | Noticed Murray
 76418 | Hell     | Killed Murray
 76614 | Hell     | Found a gateway to the Iron City of Dis.
 76696 | Hell     | Found a gateway to the ashen valley of Gehenna.
 76781 | Hell     | Found a gateway to the decaying netherworld of Tartarus.
 76837 | Hell     | Found a gateway to the freezing wastes of Cocytus.
 76999 | Zot:1    | Entered Level 1 of the Realm of Zot
 77435 | Zot:1    | You fall into a shaft and drop 1 floor!
 77741 | Zot:2    | Found the +4 dragonskin cloak
 77741 | Zot:2    | Noticed Tiamat
 77767 | Zot:2    | Killed Tiamat
 78645 | Zot:1    | Noticed an orb of fire
 78648 | Zot:1    | Gained mutation: Your mind is acute. (Int +2) [an orb of
                  | fire]
 78651 | Zot:1    | Gained mutation: Scrolls take you a little longer to read.
                  | [an orb of fire]
 78656 | Zot:1    | Killed an orb of fire
 79436 | Zot:2    | You fall into a shaft and drop 2 floors!
 79474 | Zot:4    | Reached skill level 21 in Maces & Flails
 80441 | Zot:4    | Identified a +0 pair of boots of running (You found it on
                  | level 4 of the Realm of Zot)
 81044 | Zot:5    | Entered Level 5 of the Realm of Zot
 81404 | Zot:5    | Noticed an orb of fire
 81407 | Zot:5    | Gained mutation: Scrolls take you longer to read. [an orb
                  | of fire]
 81409 | Zot:5    | Gained mutation: Your magical capacity is low. (-10% MP)
                  | [an orb of fire]
 81410 | Zot:5    | Killed an orb of fire
 81721 | Zot:5    | Noticed an orb of fire
 81725 | Zot:5    | Killed an orb of fire
 81772 | Zot:5    | Noticed an orb of fire
 81778 | Zot:5    | Lost mutation: Your mind is acute. (Int +2) [an orb of
                  | fire]
 81778 | Zot:5    | Noticed an orb of fire
 81779 | Zot:5    | Gained mutation: You tend to lose your temper in combat.
                  | [an orb of fire]
 81779 | Zot:5    | Noticed an ancient lich
 81783 | Zot:5    | Gained mutation: You are frail. (-10% HP) [an orb of fire]
 81784 | Zot:5    | Noticed an orb of fire
 81785 | Zot:5    | Gained mutation: Potions are less effective at restoring
                  | your health. [an orb of fire]
 81790 | Zot:5    | Gained mutation: You are weak. (Str -2) [an orb of fire]
 81796 | Zot:5    | Gained mutation: You are dopey. (Int -2) [an orb of fire]
 81797 | Zot:5    | Lost mutation: Scrolls take you longer to read. [an orb of
                  | fire]
 81802 | Zot:5    | Killed an orb of fire
 81814 | Zot:5    | Lost mutation: Scrolls take you a little longer to read.
                  | [an orb of fire]
 81815 | Zot:5    | Gained mutation: You are very weak. (Str -4) [an orb of
                  | fire]
 81828 | Zot:5    | Lost mutation: You are very weak. (Str -4) [an orb of fire]
 81834 | Zot:5    | Gained mutation: Your magical capacity is very low. (-20%
                  | MP) [an orb of fire]
 81835 | Zot:5    | Gained mutation: You are very frail. (-20% HP) [an orb of
                  | fire]
 81836 | Zot:5    | Killed an orb of fire
 82016 | Zot:5    | Gained mutation: Armour fits poorly on your strangely
                  | shaped body. [an orb of fire]
 82017 | Zot:5    | Killed an orb of fire
 82044 | Zot:5    | Noticed an orb of fire
 82048 | Zot:5    | Killed an orb of fire
 82289 | Zot:5    | Lost mutation: Your body sometimes deteriorates upon taking
                  | damage. [potion of mutation]
 82289 | Zot:5    | Lost mutation: You have a pair of small horns on your head.
                  | [potion of mutation]
 82289 | Zot:5    | Lost mutation: You are weak. (Str -2) [potion of mutation]
 82290 | Zot:5    | Lost mutation: You are dopey. (Int -2) [potion of mutation]
 82290 | Zot:5    | Lost mutation: Your magical capacity is very low. (-20% MP)
                  | [potion of mutation]
 82290 | Zot:5    | Lost mutation: You tend to lose your temper in combat.
                  | [potion of mutation]
 82290 | Zot:5    | Lost mutation: Potions are less effective at restoring your
                  | health. [potion of mutation]
 82290 | Zot:5    | Gained mutation: You are clumsy. (Dex -2) [potion of
                  | mutation]
 82290 | Zot:5    | Gained mutation: Your mind is acute. (Int +2) [potion of
                  | mutation]
 82290 | Zot:5    | Gained mutation: You have sharp fingernails. [potion of
                  | mutation]
 82467 | Zot:5    | Reached skill level 22 in Maces & Flails
 82591 | Zot:5    | Noticed an ancient lich
 82594 | Zot:5    | Killed an ancient lich
 82595 | Zot:5    | Noticed an orb of fire
 82597 | Zot:5    | Killed an ancient lich
 82599 | Zot:5    | Noticed an orb of fire
 82603 | Zot:5    | Lost mutation: Your mind is acute. (Int +2) [an orb of
                  | fire]
 82604 | Zot:5    | Gained mutation: You are very clumsy. (Dex -4) [an orb of
                  | fire]
 82605 | Zot:5    | Gained mutation: Your body sometimes deteriorates upon
                  | taking damage. [an orb of fire]
 82611 | Zot:5    | Gained mutation: You do not regenerate when monsters are
                  | visible. [an orb of fire]
 82614 | Zot:5    | Killed an orb of fire
 82623 | Zot:5    | Killed an orb of fire
 82966 | Zot:5    | Got the Orb of Zot
 83235 | Depths:2 | Noticed Cenwim the pandemonium lord
 83283 | Depths:1 | Gained mutation: Your body often deteriorates upon taking
                  | damage. [a cacodemon]
 83359 | D:15     | Noticed Vija the pandemonium lord
 83416 | D:12     | Noticed Dirph the pandemonium lord
 83474 | D:10     | Noticed Opeokagh the pandemonium lord
 83482 | D:10     | Killed Opeokagh the pandemonium lord
 83509 | D:10     | Noticed Toorett the pandemonium lord
 83509 | D:10     | Noticed an ancient lich
 83510 | D:10     | Killed an ancient lich
 83511 | D:10     | Killed Toorett the pandemonium lord
 83650 | D:5      | Noticed Miasaris the pandemonium lord
 83654 | D:5      | Killed Miasaris the pandemonium lord
 83654 | D:5      | Paralysed by you for 2 turns
 83789 | D:$      | Escaped with the Orb!

Illustrated notes

Levels and vault maps discovered:
D:1:      dpeg_chamrin_arrival_tetris, layout_basic, roderic_cross_of_infinity,
          chequers_serial_rivers_micro_b
D:2:      layout_basic, chequers_ecumenical_altar_simple, minmay_ruptured,
          uniq_natasha
D:3:      layout_basic, lemuel_doored_altar, uniq_grinder, uniq_ijyb
D:4:      layout_basic, serial_shops, shop_statue, nicolae_ossuary_entry_giza,
          uniq_duvessa, uniq_pikel
D:5:      layout_rooms, uniq_blork_the_orc
D:6:      layout_basic, minmay_temple_entry_from_below_a, serial_shops, shop,
          nicolae_shop_waterfront, dk_xom_monty_hall
D:7:      layout_loops_ring, st_stairs_14, uniq_crazy_yiuf_cottage
D:8:      minmay_bloctagon, layout_basic, serial_ice, serial_ice_a,
          serial_ice_f, serial_ice_l, serial_ice_n, uniq_harold
D:9:      layout_cross, grunt_lair_entry_orc_guard_hut, david_orc_4,
          basic_altar, serial_shops, nicolae_shop_trees, minivault_7
D:10:     layout_loops_cross, minivault_24
D:11:     minmay_the_grid_square_5x5_4x4 [minmay_the_grid_square_5x5_two_small,
          minmay_the_grid_square_5x5_almost_minimal,
          minmay_the_grid_square_5x5_bite,
          minmay_the_grid_square_5x5_sharp_hourglass,
          minmay_the_grid_square_5x5_detours,
          minmay_the_grid_square_5x5_prize_itemx,
          minmay_the_grid_square_5x5_prize_waves,
          minmay_the_grid_square_5x5_fat_x, minmay_the_grid_square_5x5_seven,
          minmay_the_grid_square_5x5_prize_open,
          minmay_the_grid_square_5x5_prize_open,
          minmay_the_grid_square_5x5_two_walls_b,
          minmay_the_grid_square_5x5_spiral, minmay_the_grid_square_5x5_shrine2,
          minmay_the_grid_square_5x5_comb, minmay_the_grid_square_5x5_tie],
          layout_long_grid, uniq_fannar
D:12:     minmay_angry_zag, layout_loops_corners, serial_shops,
          nicolae_shop_waterfront, minmay_stone_trees_large, uniq_sonja
D:13:     layout_stronghold, gauntlet_entry_generic
D:14:     layout_cave_pools, lightli_vaults_fourway_checkpoint,
          nzn_ghost_randoct, grunt_dithmenos_smoke_and_mirrors
D:15:     grunt_enter_depths_magical_seal, layout_gridville,
          minmay_crystal_water, serial_bayou_pond_e, minmay_fountain_box
Temple:   nicolae_temple_the_god_donut
Lair:1:   layout_cave_pods, st_stairs_6
Lair:2:   layout_regular_city, spider_nest_entry_a,
          portal_ice_cave_entry_pillars_2
Lair:3:   layout_roguey, nicolae_swamp_entry_splash_gauntlet, lemuel_fruit_tree,
          lemuel_fruit_fields, uniq_rupert
Lair:4:   layout_long_grid, roderic_carrion_pond
Lair:5:   layout_gridlike, special_room [special_room_mythical_zoo],
          st_stairs_5, grunt_forest_small_clearing_treed, lemuel_fruit_fields,
          lemuel_fruit_fields, uniq_kirke, uniq_snorg, uniq_urug
Lair:6:   grunt_lair_end_beastmaster, layout_layer_cave, slime_altar_1,
          gammafunk_ghost_icy, serial_bayou_ford_a
Swamp:1:  layout_basic_swamp, nicolae_swamp_feature_on_the_river_bank,
          swamp_pool2, infiniplex_staircase_pool_2
Swamp:2:  layout_falls_marsh, nicolae_swamp_trees_clearing, swamp_pool3,
          uniq_roxanne
Swamp:3:  layout_basic_swamp, evilmike_swamp_ruin_house_3, swamp_pool2
Swamp:4:  swamp, layout_basic_swamp, uniq_nikola
Spider:1: layout_spider_delve
Spider:2: layout_spider_delve, uniq_aizul
Spider:3: layout_spider_delve
Spider:4: spider_rune_water, nicolae_spider_cling_ruins,
          hangedman_spider_tarantella_strand
Orc:1:    layout_diamond_mine, serial_shops, shop, uniq_josephine
Orc:2:    pf_orc_diabolical, layout_caves, serial_shops, shop_coins, shop, shop,
          shop, shop_fountains, mines3_lemuel, uniq_maurice, uniq_azrael
Elf:1:    eino_elf_arrival_shootout, layout_gridlike, serial_shops,
          nicolae_shop_stone, hangedman_elven_crosses_minicolossus
Elf:2:    layout_gridlike
Elf:3:    nooodl_elf_gasket, layout_geoelf_diagonals
Vaults:1: gammafunk_vaults_ghost_grave, v_misc_10, vaults_mumra_minichess,
          hangedman_vaults_river_flow, grunt_vaults_diagonal,
          nicolae_vaults_what_the_h, ontoclasm_vaults_gateway,
          hangedman_vaults_locks, kb_rosetta, nicolae_vaults_back_hallway,
          v_misc_16, hangedman_vaults_capsules, vaults_room_pools,
          vaults_dpeg_ring, vaults_room_hallway, layout_vaults_maze_bifur,
          serial_shops, shop_statue, uniq_saint_roka
Vaults:2: nicolae_vaults_three_branches, hangedman_vaults_corner_blocks,
          vaults_mumra_hex, grunt_vaults_funnel, dpeg_vaults_monster_box,
          vaults_dpeg_doors, vaults_room_door_hall, v_misc_27, v_misc_15,
          nicolae_vaults_little_ls, layout_vaults_big_room
Vaults:3: vaults_standard_mumra_enter_the_diamond, ontoclasm_vaults_shuriken,
          minmay_crypt_entry_necro_gods, ontoclasm_vaults_spin, v_misc_4,
          v_alt_pattern_1, vaults_room_pools, v_misc_26,
          layout_vaults_quadrants, uniq_donald, uniq_sojobo, uniq_jory
Vaults:4: vaults_dpeg_cross, grunt_vaults_bifocal, st_lines,
          nicolae_vaults_network_quinsquares
          [nicolae_vaults_network_quincunx_subvault,
          nicolae_vaults_network_quincunx_subvault,
          nicolae_vaults_network_quincunx_subvault,
          nicolae_vaults_network_quincunx_subvault], ontoclasm_vaults_bender,
          ontoclasm_vaults_twist, v_misc_8, vaults_dpeg_diagonal,
          hangedman_vaults_restitches, nicolae_vaults_network_periphery,
          v_misc_3, layout_vaults_omnicross, uniq_mara
Vaults:5: serial_shops
Depths:1: layout_cave_shapes, hellmouth_3, abandoned_shop, grunt_decor_cap,
          minmay_misc_feat_four_crosses, kennysheep_another_room,
          chequers_serial_rivers_micro_e, nicolae_transmutations_shop,
          columned_hall_lemuel, st_stairs_10, minmay_pinched_square
Depths:2: lemuel_river_lethe, hell_entry, abyss_entry
Depths:3: minmay_quarter_circles, layout_basic, grunt_mini_vestibule,
          rand_demon_pan_entry_3
Depths:4: grunt_bent_corner, layout_cave_shapes, enter_ziggurat_e, abyss_entry,
          hellmouth_1, minmay_misc_feat_hallway, minmay_serpent_palace,
          infiniplex_staircase_pool_1, uniq_mennas
Depths:5: grunt_twist_and_shout, layout_gridlike, pf_vacation_house_of_asmodeus,
          serial_glass, glass_columns_a, glass_columns_b, glass_columns_b,
          glass_columns_c, glass_columns_a, glass_columns_a, glass_columns_a,
          glass_columns_b, glass_columns_b, glass_columns_c
Hell
Zot:1:    layout_twisted_circle
Zot:2:    lemuel_draconian_sentries, layout_misc_corridors, lemuel_elevator,
          uniq_tiamat
Zot:3:    layout_misc_corridors, skrybe_zot_glass_1
Zot:4:    layout_cathedral_of_symmetry
Zot:5:    layout_onion, hangedman_zot_decor_unnerving_road

Skill      XL: |  1  2  3  4  5  6  7  8  9 10 11 12 13 14 15 16 17 18 19 20 21 22 23 24 25 26 27 |
---------------+----------------------------------------------------------------------------------+-----
Transmutations | 2 3 4 5 6 7 8 9 10 11 12 13 14 16 | 16.6
Spellcasting   | 5 6 7 8 9 10 11 12 13 14 15 16 17 19 | 19.6
Invocations    | 1 2 3 4 5 6 7 8 9 10 11 12 13 14 15 16 17 20 | 20.5
Fighting       | 1 2 3 4 5 6 7 8 9 10 11 12 13 14 15 16 19 | 19.1
Short Blades   | 1 2 3 4 5 6 7 8 9 10 11 12 13 14 15 16 19 | 19.1
Long Blades    | 1 2 3 4 5 6 7 8 9 10 11 12 13 14 15 16 19 | 19.1
Axes           | 1 2 3 4 5 6 7 8 9 10 11 12 13 14 15 16 19 | 19.1
Maces & Flails | 1 2 3 4 5 6 7 8 9 10 11 12 13 14 15 16 17 18 22 | 22.6
Polearms       | 1 2 3 4 5 6 7 8 9 10 11 12 13 14 15 16 19 | 19.1
Staves         | 1 2 3 4 5 6 7 8 9 10 11 12 13 14 15 16 19 | 19.1
Slings         | 1 2 3 4 5 6 7 8 9 10 11 12 13 14 15 16 19 | 19.1
Bows           | 1 2 3 4 5 6 7 8 9 10 11 12 13 14 15 16 19 | 19.1
Crossbows      | 1 2 3 4 5 6 7 8 9 10 11 12 13 14 15 16 19 | 19.1
Throwing       | 1 2 3 4 5 6 7 8 9 10 11 12 13 14 15 16 19 | 19.1
Armour         | 1 2 3 4 5 6 7 8 9 10 11 12 13 14 15 16 19 | 19.1
Shields        | 1 2 3 4 5 6 7 8 9 10 11 12 13 14 15 16 19 | 19.1
Unarmed Combat | 1 2 3 4 5 6 7 8 9 10 11 12 13 14 15 16 19 | 19.1
Evocations     | 1 2 3 4 5 6 7 8 9 10 11 12 13 14 15 16 19 | 19.1
Conjurations   | 1 2 3 4 5 6 7 8 9 10 11 12 13 14 16 | 16.5
Hexes          | 1 2 3 4 5 6 7 8 9 10 11 12 13 14 16 | 16.5
Summonings     | 1 2 3 4 5 6 7 8 9 10 11 12 13 14 16 | 16.5
Necromancy     | 1 2 3 4 5 6 7 8 9 10 11 12 13 14 16 | 16.5
Translocations | 1 2 3 4 5 6 7 8 9 10 11 12 13 14 16 | 16.5
Fire Magic     | 1 2 3 4 5 6 7 8 9 10 11 12 13 14 16 | 16.5
Ice Magic      | 1 2 3 4 5 6 7 8 9 10 11 12 13 14 16 | 16.5
Air Magic      | 1 2 3 4 5 6 7 8 9 10 11 12 13 14 16 | 16.5
Poison Magic   | 1 2 3 4 5 6 7 8 9 10 11 12 13 14 16 | 16.5
Dodging        | 5 6 7 8 9 10 11 12 13 14 15 16 19 | 19.5
Stealth        | 5 6 7 8 9 10 11 12 13 14 15 16 19 | 19.5
Earth Magic    | 6 7 8 9 10 11 12 13 14 15 16 17 18 19 21 | 21.8

Action                   |  1- 3 |  4- 6 |  7- 9 | 10-12 | 13-15 | 16-18 | 19-21 | 22-24 | 25-27 || total
-------------------------+-------+-------+-------+-------+-------+-------+-------+-------+-------++-------
Melee: Unarmed           |    96 |    41 |       |       |       |       |       |       |       ||   137
       Bite              |     7 |     5 |    32 |    68 |    60 |   106 |   128 |    66 |   251 ||   723
       Dagger            |       |    27 |   329 |   654 |   230 |       |       |       |       ||  1240
       Punch             |       |       |     3 |    30 |     4 |       |       |       |       ||    37
       Whip              |       |       |       |    80 |       |       |       |       |       ||    80
       Battleaxe         |       |       |       |       |   197 |       |       |       |       ||   197
       Staff             |       |       |       |       |    64 |   937 |   912 |   479 |  1728 ||  4120
       Headbutt          |       |       |       |       |       |       |     5 |   114 |   389 ||   508
 Cast: Sandblast         |    28 |    39 |   110 |    97 |       |       |       |       |       ||   274
       Borgnjor's Vile C |       |       |       |    71 |    90 |    48 |     8 |    26 |    12 ||   255
       Stone Arrow       |       |       |       |    46 |   474 |   213 |    28 |    32 |     2 ||   795
       Spellforged Servi |       |       |       |       |    10 |    56 |    16 |    24 |    21 ||   127
       Iron Shot         |       |       |       |       |       |    31 |     5 |       |   133 ||   169
       Statue Form       |       |       |       |       |       |    47 |    51 |    41 |   126 ||   265
       Lehudib's Crystal |       |       |       |       |       |       |    24 |    37 |    35 ||    96
       Ignition          |       |       |       |       |       |       |    16 |    17 |    78 ||   111
       Infestation       |       |       |       |       |       |       |       |       |     3 ||     3
       Shatter           |       |       |       |       |       |       |       |       |    96 ||    96
Evoke: Wand              |       |       |     1 |     8 |     7 |       |       |     2 |     8 ||    26
       Lightning rod     |       |       |       |       |     8 |     4 |       |       |       ||    12
       Condenser vane    |       |       |       |       |     1 |     4 |     2 |     1 |     1 ||     9
       Box of beasts     |       |       |       |       |       |       |       |     1 |     2 ||     3
       Phantom mirror    |       |       |       |       |       |       |       |     1 |       ||     1
       Horn of Geryon    |       |       |       |       |       |       |       |       |     2 ||     2
  Use: Scroll            |       |    11 |     8 |    17 |    19 |    11 |     8 |     3 |    18 ||    95
       Potion            |       |       |     4 |     8 |     9 |     3 |     5 |     3 |    11 ||    43
 Stab: Sleeping          |     5 |     4 |     7 |     5 |     4 |     3 |    16 |     1 |    10 ||    55
       Distracted        |       |       |       |     2 |       |    11 |     4 |     5 |    11 ||    33
       Petrified         |       |       |       |       |     2 |       |       |       |       ||     2
Armor: Robe              |    13 |     4 |       |       |       |     3 |    11 |     1 |    18 ||    50
       Ring mail         |       |    14 |   125 |   248 |   264 |   141 |       |       |       ||   792
       Skin              |       |       |    35 |    16 |       |   580 |   432 |   229 |  1022 ||  2314
Dodge: Dodged            |    78 |    53 |   251 |   489 |   500 |  1239 |   781 |   418 |  1966 ||  5775
Block: Buckler           |       |       |       |       |    78 |   608 |   464 |   232 |  1172 ||  2554
